 Seeded DCSS version 0.27.1-34-g3ba077fa99 (webtiles) character file.

Game seed: 420757259524105916 (custom seed)

497 voltaire321 the Slasher (level 6, -3/53 HPs)
             Began as a Minotaur Gladiator on Jan 8, 2022.
             Shot with a bolt by a kobold brigand (7 damage)
             ... on level 5 of the Dungeon.
             The game lasted 00:07:16 (3568 turns).

voltaire321 the Slasher (Minotaur Gladiator)        Turns: 3568, Time: 00:07:16

Health: -3/53      AC:  9    Str: 26    XL:     6   Next: 93%
Magic:  5/5        EV: 10    Int:  6    God:
Gold:   195        SH:  0    Dex: 11    Spells: 5/5 levels left

rFire    . . .     SeeInvis .   l - +3 triple sword (flame)
rCold    . . .     Faith    .   (shield currently unavailable)
rNeg     . . .     Spirit   .   g - +0 chain mail
rPois    .         Reflect  .   c - +0 hat
rElec    .         Harm     .   (no cloak)
rCorr    .         Rampage  .   (no gloves)
Will     .....                  (no boots)
Stlth    ..........             (no amulet)
HPRegen  0.17/turn              n - +6 ring of strength
MPRegen  0.09/turn              (no ring)

@: no status effects
A: horns 2, retaliatory headbutt
a: no special abilities


You were on level 5 of the Dungeon.
You visited 1 branch of the dungeon, and saw 5 of its levels.

You collected 195 gold pieces.

Inventory:

Hand Weapons
 a - a +0 long sword
 l - a +3 triple sword of flaming (weapon)
Missiles
 d - 3 throwing nets (quivered)
 s - 14 poisoned darts
Armour
 c - a +0 hat (worn)
 g - a +0 chain mail (worn)
 j - a +0 kite shield
 t - a +0 pair of gloves
Jewellery
 n - a +6 ring of strength (left hand)
Wands
 m - a wand of digging (6)
Scrolls
 b - a scroll of enchant weapon
 f - 2 scrolls of blinking
 o - a scroll of identify
Potions
 e - a potion of might {unknown}
 h - a potion of heal wounds {unknown}
 i - 2 potions of lignification {unknown}
 k - 4 potions of flight
 p - a potion of brilliance {unknown}
 q - a potion of ambrosia {unknown}
 r - a potion of haste


   Skills:
 + Level 4.5 Fighting
 + Level 5.3 Long Blades
 + Level 3.7 Throwing
 + Level 3.5 Armour
 + Level 4.8 Dodging


You had 5 spell levels left.
You didn't know any spells.
Your spell library contained the following spells:

 Spells                   Type           Power      Damage    Failure   Level
 Animate Skeleton         Necr           0%         N/A       97%         1
 Pain                     Necr           0%         1d4       97%         1
 Ignite Poison            Fire/Tmut/Pois 0%         N/A       100%        3
 Mephitic Cloud           Conj/Pois/Air  0%         N/A       100%        3
 Vampiric Draining        Necr           0%         2d6       100%        3
 Bolt of Magma            Conj/Fire/Erth 0%         4d4       100%        5


Dungeon Overview and Level Annotations

Branches:
Dungeon (5/15)
 Temple: D:4-7

Altars:
Xom

Shops:
D:2 [


Innate Abilities, Weirdness & Mutations

You have a pair of horns on your head.
You reflexively headbutt those who attack you in melee.


Message History

You resist with some effort. The orc hits you but does no damage.
The orc hits you with a +0 mace.
Your chain mail prevents you from hitting the orc wizard.
You headbutt the orc wizard.
The orc wizard is lightly wounded.
You feel extremely sick. The orc wizard barely misses you.
You riposte.
You barely miss the orc wizard.
The orc wizard is lightly wounded.
The orc hits you with a +0 club. The orc wizard misses you.
The orc hits you but does no damage. x2; The orc wizard barely misses you.
You furiously retaliate!
You headbutt the orc wizard. You slash the orc wizard! You burn the orc wizard.
You kill the orc wizard!
You feel very sick. The orc hits you but does no damage.
The orc hits you with a +0 club.
* * * LOW HITPOINT WARNING * * *
The orc completely misses you. You furiously retaliate!
You headbutt the orc.
You riposte.
You slice the orc!! You burn the orc.
You kill the orc!
* * * LOW HITPOINT WARNING * * *
You feel very sick.
You feel sick.
You feel sick.
You slice the orc!! You burn the orc.
You kill the orc!
You feel sick.
You slice the orc!! You burn the orc.
You kill the orc!
You feel sick.
You start resting.
You feel sick. x3
You are no longer poisoned.
You start resting.
A bullfrog skeleton comes into view.
A kobold brigand comes into view. It is wielding a +0 club.
The kobold brigand shouts!
You hear a shout!
A kobold comes into view. It is wielding a +0 whip.
The kobold brigand unwields a +0 club.
The kobold brigand wields a +0 hand crossbow.
The kobold brigand shoots a bolt.
The bolt hits you!
You die...

#.......).....#
#..)........
##.#..##..... #.
#Z##......
#.##....# .##
#....#### ....
##..#.# ...##
##...#.# #.....
#.....@###....#
#.#.........####
#
#.#..###<.......
#.##....#
#.#..KK..
#......## #.#
...$.
#.......†..# ..#
....
#................
###
#........#####.#.
#$.....### .. .


You could see a kobold brigand, a kobold (wandering) and a bullfrog skeleton.

Vanquished Creatures
  A black bear (D:5)
  A killer bee (D:5)
  An orc priest (D:4)
  An iguana (D:4)
  4 orc wizards
  A gnoll (D:1)
  A howler monkey skeleton (D:4)
  7 adders
  An ufetubus (D:4)
  An adder skeleton (D:4)
  3 worms
  A dart slug (D:4)
  10 orcs
  10 endoplasms
  3 giant cockroaches
  7 goblins
  10 hobgoblins
  10 jackals (D:1)
  4 quokkas
  5 ball pythons
  7 bats
  2 frilled lizards
  7 kobolds
  4 rats (D:1)
102 creatures vanquished.

Notes
Turn   | Place    | Note
-------+----------+-------------------------------------------
     0 | D:1      | voltaire321 the Minotaur Gladiator began the quest for the
                  | Orb.
     0 | D:1      | Reached XP level 1. HP: 18/18 MP: 0/0
   157 | D:1      | Reached XP level 2. HP: 24/25 MP: 1/1
   280 | D:1      | Reached skill level 1 in Armour
   365 | D:1      | Reached XP level 3. HP: 30/30 MP: 2/2
   387 | D:1      | Reached skill level 4 in Long Blades
   419 | D:1      | Found a faded altar of an unknown god.
   891 | D:2      | Found Toes's Armour Shop.
   931 | D:2      | Reached XP level 4. HP: 37/38 MP: 3/3
   938 | D:2      | Found a shimmering altar of Xom.
  1817 | D:3      | Reached XP level 5. HP: 44/45 MP: 4/4
  2900 | D:4      | Reached XP level 6. HP: 52/52 MP: 5/5
  2980 | D:4      | Reached skill level 5 in Long Blades
  3521 | D:5      | Entered Level 5 of the Dungeon
  3568 | D:5      | Shot with a bolt by a kobold brigand

Illustrated notes

Levels and vault maps discovered:
D:1:      lemuel_arrival_room, layout_loops_ring,
          shapermc_ecumenical_altar_mp_vishouse, minmay_pentomino_t2
D:2:      minmay_door_path, layout_basic, basic_altar, serial_shops, shop
D:3:      layout_basic
D:4:      layout_loops_ring
D:5:      layout_rooms, mainiacjoe_overflow_alcove_2, kennysheep_windowed_goal

Skill      XL: |  1  2  3  4  5  6 |
---------------+-------------------+-----
Armour         | 1 2 3 |  3.5
Long Blades    | 4 5 |  5.3
Fighting       | 3 4 |  4.5
Dodging        | 4 |  4.8
Throwing       | 3 |  3.7

Action                   |  1- 3 |  4- 6 || total
-------------------------+-------+-------++-------
Melee: Long sword        |    50 |       ||    50
       Headbutt          |    16 |    20 ||    36
       Triple sword      |    33 |   110 ||   143
  Use: Scroll            |       |     6 ||     6
 Stab: Sleeping          |     1 |       ||     1
Armor: Chain mail        |    65 |    87 ||   152
Dodge: Dodged            |    59 |    50 ||   109
       Rpst.: Long sword |     2 |       ||     2
       Triple sword      |     2 |    10 ||    12
